 Dungeon Crawl Stone Soup version 0.30.0-15-g856e2d3f33 (webtiles) character file.

Game seed: 13918186284936035440

78 Descartes the Trooper (level 4, -3/49 HPs)
             Began as an Ogre Fighter on May 18, 2023.
             Slain by a cerulean imp
             ... wielding a +1 spear
             ... summoned by Natasha
              (5 damage)
             ... on level 2 of the Dungeon.
             The game lasted 00:02:18 (1259 turns).

Descartes the Trooper (Ogre Fighter)                Turns: 1259, Time: 00:02:19

Health: -3/49      AC:  3    Str: 20    XL:     4   Next: 36%
Magic:  4/4        EV:  8    Int: 11    God:
Gold:   61         SH:  7    Dex:  8    Spells: 2/3 levels left

rFire   . . .        a - +0 war axe
rCold   . . .        c - +0 kite shield
rNeg    . . .        b - +0 robe
rPois   .            (helmet restricted)
rElec   .            (no cloak)
rCorr   .            (gloves unavailable)
SInv    .            (boots unavailable)
Will    .....        (no amulet)
Stlth   +            (no ring)
HPRegen 0.28/turn    (no ring)
MPRegen 0.09/turn

%: no passive effects
@: no status effects
A: large, unfitting armour, tough skin 1
a: no special abilities


You were on level 2 of the Dungeon.
You visited 1 branch of the dungeon, and saw 2 of its levels.

You collected 61 gold pieces.

Inventory:

Hand Weapons
 a - a +0 war axe (weapon)
Armour
 b - a +0 robe (worn)
 c - a +0 kite shield (worn)
Magical Staves
 l - the staff of fire "Deikh" {rPois rF+ rC+ Will- MP+9}
   (You found it on level 2 of the Dungeon)

   [staff of fire]

   Base accuracy: +5 Base damage: 5 Base attack delay: 1.2 This weapon's minimum
   attack delay (0.6) is reached at skill level 12.
   rF:        It protects you from fire.
   rC:        It protects you from cold.
   rPois:     It protects you from poison.
   MP:        It affects your magic capacity (+9).
   Will:      It decreases your willpower.
   It falls into the 'Staves' category.
   It is a one-handed weapon.
Jewellery
 i - a +4 ring of protection
Scrolls
 e - 2 scrolls of fog {unknown}
 g - a scroll of torment {unknown}
 h - a scroll of blinking {unknown}
 j - a scroll of noise {unknown}
 k - a scroll of identify {unknown}
Potions
 d - a potion of might
 f - a potion of curing {unknown}
 m - a potion of mutation {unknown}


   Skills:
 + Level 4.8 Fighting
 + Level 2.8 Axes
 - Level 2.9 Dodging
 + Level 3.6 Shields
 + Level 0.7 Translocations


You had 2 spell levels left.
You knew the following spells:

 Your Spells              Type           Power      Damage    Failure   Level
a - Apportation           Tloc           2%         N/A       54%         1

Your spell library contained the following spells:

 Spells                   Type           Power      Damage    Failure   Level


Dungeon Overview and Level Annotations

Branches:
Dungeon (2/15)

Altars:

Annotations:
D:2 Natasha


Innate Abilities, Weirdness & Mutations

You are too large for most types of armour.
You have tough skin. (AC +1)


Message History

The cerulean imp hits you with a +1 spear.
Natasha drinks a potion.
Natasha's spells are empowered!
You block the cerulean imp's attack.
You miss Natasha.
Natasha is severely wounded.
You barely miss the cerulean imp.
The cerulean imp hits you with a +1 spear.
Natasha wildly gestures.
Natasha glows brightly for a moment.
Natasha stares at you and mumbles some strange words.
The magic dart hits you. You block the cerulean imp's attack.
The cerulean imp hits you with a +1 spear.
You hit Natasha but do no damage.
Natasha is severely wounded.
You barely miss the cerulean imp.
Natasha casts a spell.
The cerulean imp hits you from afar with a +0 spear.
The cerulean imp hits you with a +1 spear.
* * * LOW HITPOINT WARNING * * *
Natasha completely misses you.
The cerulean imp hits you from afar with a +0 spear.
* * * LOW HITPOINT WARNING * * *
You miss Natasha.
Natasha is severely wounded.
You barely miss the cerulean imp. The cerulean imp closely misses you.
Natasha claws you.
* * * LOW HITPOINT WARNING * * *
The cerulean imp barely misses you.
The cerulean imp hits you with a +1 spear.
* * * LOW HITPOINT WARNING * * *
You completely miss Natasha.
Natasha is severely wounded.
You hit the cerulean imp.
The cerulean imp hits you from afar with a +0 spear.
* * * LOW HITPOINT WARNING * * *
Natasha wildly gestures.
Natasha glows brightly for a moment.
You block Natasha's attack. The cerulean imp completely misses you.
The cerulean imp hits you with a +1 spear.
You die...

##.##.#
#.###.#.#
....#.# #.#
#.#.#.#
.[..#.####.#
#.#.#.#
.<..#.#....#
#.#.#.#
....#.#.####
#.#.#.#
....#....#
#.....#
.........#
#.>...#
###.#....#
#...??#
...#....#
#.5@..#
#####....#
#..h.....#
.....#
#.#55....#
#######
#.#......#
..#......#
####......#
?......#
##.....#


You could see Natasha (empowered) and 3 cerulean imps.

Vanquished Creatures
  3 gnolls (D:2)
  A dart slug (D:1)
  5 endoplasms
  A giant cockroach (D:1)
  3 goblins (D:1)
  3 hobgoblins
  4 jackals (D:1)
  4 quokkas
  4 ball pythons
  6 bats
  3 frilled lizards
  4 kobolds (D:1)
  5 rats (D:1)
46 creatures vanquished.

Notes
Turn   | Place    | Note
-------+----------+-------------------------------------------
     0 | D:1      | Descartes the Ogre Fighter began the quest for the Orb.
     0 | D:1      | Reached XP level 1. HP: 24/24 MP: 1/1
    66 | D:1      | Reached XP level 2. HP: 29/32 MP: 2/2
   108 | D:1      | Found a faded altar of an unknown god.
   117 | D:1      | Got Plato's Parchment of Nonlocality
   250 | D:1      | Reached XP level 3. HP: 35/40 MP: 3/3
   477 | D:1      | Learned a level 1 spell: Apportation
  1045 | D:2      | Reached XP level 4. HP: 38/49 MP: 4/4
  1224 | D:2      | Identified the staff of fire "Deikh" {rPois rF+ rC+ Will-
                  | MP+9}
  1247 | D:2      | Noticed Natasha
  1259 | D:2      | HP: 2/49 [cerulean imp/+0 spear[Natasha] (4)]
  1259 | D:2      | Slain by a cerulean imp

Illustrated notes

Levels and vault maps discovered:
D:1:      spicycebolla_green_bress_n_ham, layout_basic,
          shapermc_ecumenical_altar_rom_forum, serial_glass, glass_columns_a,
          glass_columns_a, glass_columns_a, glass_columns_a, glass_columns_b,
          glass_columns_b, glass_columns_a, glass_columns_b, glass_columns_b,
          glass_columns_b, glass_columns_a, glass_columns_a, glass_columns_a,
          glass_columns_a
D:2:      layout_basic, uniq_natasha

Action                     |  1- 3 |  4- 6 || total
---------------------------+-------+-------++-------
  Melee: War axe           |   101 |    17 ||   118
 Armour: Robe              |    31 |     1 ||    32
  Dodge: Dodged            |    44 |     8 ||    52
  Block: Kite shield       |    49 |    17 ||    66
